Ben, chaotic male elven Wizard --------- |.....d.| |...ddd.| |.......| |.....@.| ........| --------- Ben the Thaumaturge Experience level: 7 Strength: 10 Dexterity: 12 Constitution: 16 Intelligence: 18 Wisdom: 10 Charisma: 10 Health: 0(63) Energy: 99(99) AC: 7 Gold: 440 Moves: 3143 Your Inventory: Coins $ - 440 gold pieces Weapons a - a blessed +2 quarterstaff (weapon in hands) Armor b - a blessed +2 cloak of magic resistance (being worn) C - an uncursed +0 leather jacket Comestibles r - 3 [uncursed] lichen corpses w - 3 [uncursed] food rations P - 3 [uncursed] fortune cookies Scrolls i - an uncursed scroll of stinking cloud j - 3 uncursed scrolls of gold detection k - 2 uncursed scrolls of magic mapping A - an [uncursed] scroll of enchant armor I - a [cursed] scroll of magic mapping U - an [uncursed] unlabeled scroll [of blank paper] V - a [blessed] unlabeled scroll [of blank paper] Spellbooks l - a blessed spellbook of force bolt m - an uncursed spellbook of jumping x - an [uncursed] spellbook of detect monsters Q - an [uncursed] spellbook of confuse monster Potions f - an uncursed potion of paralysis g - an uncursed potion of speed Rings d - an uncursed ring of free action e - an uncursed ring of polymorph q - an uncursed ring of polymorph control F - an uncursed ring of fire resistance M - an uncursed ring of teleport control (on right hand) S - an uncursed +1 ring of increase damage (on left hand) Wands c - an uncursed wand of speed monster (0:6) y - an uncursed wand of teleportation (0:2) G - a [cursed] wand of digging [0:6] O - an [uncursed] wand of locking [0:6] Tools n - an uncursed magic marker (0:37) o - an uncursed tooled horn Spells known in the end: Name Level Category Fail Memory a - force bolt 1 attack 0% [|||||||.] b - jumping 1 escape 0% [|||||||.] c - detect monsters 1 divination 0% [||||||||] d - confuse monster 2 enchantment 0% [||||||||] Your skills at the end: Fighting Skills Weapon Skills quarterstaff [Basic / Expert] Spellcasting Skills attack spells [Basic / Expert] enchantment spells [Basic / Skilled] Final Attributes: You were piously aligned. Hunger level was 232. Your alignment was 25 / 25. Monster difficulty range was 1 - 7. Level difficulty was 7. You were immune to sleep. You were magic-protected. You saw invisible. You had infravision. You had teleport control. You had a +1 damage bonus. You were lucky (1). You are dead. Vanquished creatures: 2 quivering blobs a rope golem a water nymph a rock piercer a pony a fog cloud a paper golem a giant ant a floating eye a kobold lord 2 rothes a centipede 2 giant bats 4 orc zombies a werejackal 2 iguanas a gas spore 3 hobbits 3 giant rats 2 cave spiders a brown mold a yellow mold a gnome zombie 3 geckos a jackal 2 foxes 2 grid bugs 4 lichens 5 newts 52 creatures vanquished. Voluntary challenges: You were an atheist. You used a wielded weapon 73 times. You read items or engraved 10 times. You put on armor 1 time. You never genocided any monsters. You never polymorphed an object. You never changed form. You used no wishes. You never wrote Elbereth's name. You never encountered a bones level. You never used any Sokoban shortcuts. Dungeon overview: The Dungeons of Doom: levels 1 to 7 Level 1 a sink a long staircase Level 3 a potion shop Level 4 a fountain a long staircase Level 5 a fountain Level 7 <- You were here History has recorded: On T:1 you entered the Dungeons of Doom to retrieve the Amulet of Yendor! On T:265 you reached level 2 of The Dungeons of Doom. On T:400 you advanced to experience level 2. On T:550 you advanced to experience level 3. On T:638 you reached level 3 of The Dungeons of Doom. On T:820 you advanced to experience level 4. On T:1204 you reached level 4 of The Dungeons of Doom. On T:1271 you advanced to experience level 5. On T:1711 you reached level 5 of The Dungeons of Doom. On T:1848 you advanced to experience level 6. On T:2452 you reached level 6 of The Dungeons of Doom. On T:2846 you advanced to experience level 7. On T:3137 you reached level 7 of The Dungeons of Doom. Latest messages: [HP-24=28] You miss the winter wolf cub. The winter wolf cub bites! (3x) [HP-17=11] The wand of teleportation glows and fades. The winter wolf cub bites! (2x) The winter wolf cub breathes frost! The blast of frost hits the winter wolf cub. The blast of frost hits you! Wizard, your life force is running out. [HP-7=4] To what position do you want to be teleported? Sorry... Your surroundings suddenly seem different. The winter wolf cub breathes frost! The blast of frost hits you! You die... Final status: Goodbye Ben the Wizard... You died in The Dungeons of Doom on dungeon level 7 with 786 points, and 440 pieces of gold, after 3143 moves. You were level 7 with a maximum of 63 hit points when you died.